AoeStats
← RELUIGI89

Arena

510117336Analyzed
2v2 RM · 2d ago on Sep 29, 2026· 36m 29s· 4 players
Game mode
Random Map
Map size
Medium (4 player)
Population
200
Speed
Normal
Resources
Standard
Victory
Conquest
Starting age
Dark Age
Ending age
Imperial Age
RankedLock teamsTeams togetherTeam positionsShared explorationLock speedFull tech treeHidden civsTurbo modeCheats
Victory
Defeat
🇯🇵 Saxons · Japan
841
+16
🇦🇷 Japanese · Argentina
841
+17
🇮🇹 Teutons · Italy
866
-17
🇺🇸 Britons · United States
847
-16
knight
10:30 Feudal Age
12:36 Loom
13:38 Double-Bit Axe
13:38 Horse Collar
16:12 Castle Age
14:18 Gold Mining
14:46 Stone Mining
18:10 Fletching
24:33 Bodkin Arrow
36:12 Imperial Age
36:18 Bow Saw
trieukhom
2:23 Loom
12:36 Feudal Age
17:18 Castle Age
15:07 Double-Bit Axe
15:07 Horse Collar
16:45 Gold Mining
16:56 Stone Mining
18:37 Bow Saw
22:19 Heavy Plow
25:16 Gold Shaft Mining
26:59 Forging
26:49 Scale Mail Armor
28:08 Squires
27:53 Arson
28:36 Chain Mail Armor
29:19 Iron Casting
36:44 Imperial Age
pinkerton
11:00 Feudal Age
11:35 Double-Bit Axe
14:23 Horse Collar
17:48 Castle Age
17:21 Scale Mail Armor
18:40 Fletching
19:36 Bodkin Arrow
20:06 Heavy Plow
21:57 Bow Saw
23:03 Loom
25:22 Forging
26:37 Wheelbarrow
27:15 Squires
34:18 Imperial Age
32:30 Padded Archer Armor
RELUIGI89
12:17 Feudal Age
17:21 Castle Age
15:33 Double-Bit Axe
15:39 Horse Collar
35:29 Fletching
36:17 Scale Mail Armor
Connection lost

Rejoining the realm…

Still unreachable

The connection could not be restored.

Session expired

The server has moved on; the page needs a fresh start.